 Dungeon Crawl Stone Soup version bcrawl-1.12-11-gb93c957c58 (webtiles) character file.

Game seed: 1077421120514686155

83 Banto the Chopper (level 4, 0/37 HPs)
             Began as a Sand Dwarf Skald on June 26, 2019.
             Succumbed to an adder's poison
             ... on level 1 of the Dungeon.
             The game lasted 00:01:11 (1136 turns).

Banto the Chopper (Sand Dwarf Skald)                Turns: 1136, Time: 00:01:12

Health: 0/37       AC:  8    Str: 17    XL:     4   Next: 44%
Magic:  7/7        EV:  9    Int: 19    God:
Gold:   47         SH:  0    Dex: 10    Spells: 6/7 levels left

rFire    . . .     SeeInvis .   a - +0 hand axe
rCold    . . .     Gourm    .   (shield restricted)
rNeg     . . .     Faith    .   c - +0 chain mail
rPois    .         Spirit   .   (no helmet)
rElec    .         Reflect  .   (no cloak)
rCorr    .         Harm     .   (no gloves)
MR       .....                  (no boots)
Stlth    ..........             (no amulet)
HPRegen  0.12/turn              b - +6 ring of intelligence
MPRegen  0.10/turn              (no ring)

@: lethally poisoned (0 -> -3), slow
A: small, slowness 1, armour attunement
a: no special abilities


You were on level 1 of the Dungeon.
You were not hungry.

You visited 1 branch of the dungeon, and saw 2 of its levels.

You collected 47 gold pieces.

Inventory:

Hand Weapons
 a - a +0 hand axe (weapon)
Armour
 c - a +0 chain mail (worn)
Jewellery
 b - a +6 ring of intelligence (left hand)
Scrolls
 d - a scroll of fear
Comestibles
 f - 2 rations {!d}
 g - 4 chunks of flesh


   Skills:
 - Level 2.4 Fighting
 + Level 5.5 Axes
 - Level 1.2 Armour
 - Level 1.5 Dodging
 - Level 2.0 Spellcasting
 - Level 3.0 Charms


You had 6 spell levels left.
You knew the following spells:

 Your Spells              Type           Power        Failure   Level  Hunger
a - Infusion              Chrm           ##......     4%          1    #......

Your spell library contained the following spells:

 Spells                   Type           Power        Failure   Level  Hunger
 Song of Slaying          Chrm           ##......     8%          2    ###....
 Ozocubu's Armour         Chrm/Ice       #.......     26%         3    ###....
 Regeneration             Chrm/Necr      #.........   26%         3    ###....
 Spectral Weapon          Hex/Chrm       #.......     26%         3    ###....


Dungeon Overview and Level Annotations

Branches:
Dungeon (2/12)

Altars:

Annotations:
D:2 Robin


Innate Abilities, Weirdness & Mutations

You are small and have problems with some larger weapons.
You cover ground slowly.
Armour does not affect your spellcasting.


Message History

The goblin hits you but does no damage. The adder bites you but does no damage.
Robin throws the goblin at you! The goblin barely misses you.
The adder bites you.
* * * LOW HITPOINT WARNING * * *
There is a stone staircase leading up here.
You see here a quokka skeleton.
The adder barely misses you. The adder bites you but does no damage.
You climb upwards.
There is a stone staircase leading down here.
Your chain mail prevents you from hitting the adder.
The adder bites you.
* * * LOW HITPOINT WARNING * * *
You are lethally poisoned!
The adder poisons you!
You aren't carrying any potions.
Okay, then.
You hit the adder.
The adder is severely wounded.
You die...

.......# #. .#####.########## #.
.# #..........# #. .#
#.########.## ###########. .#
#...........## #...†.†.†... .##
##.######.....####.##########
..###...###..............#
.....)......#....S##...#.#
#.###...######..@....###.########
.## ##.########.###### #.........
## #..........# ##########
############


You could see an adder.

Vanquished Creatures
  4 gnolls (D:2)
  A dart slug (D:1)
  2 bats (D:1)
  8 hobgoblins
  9 jackals
  A quokka (D:2)
  A frilled lizard (D:1)
  8 goblins
  2 kobolds
  A rat (D:2)
37 creatures vanquished.

Notes
Turn   | Place    | Note
-------+----------+-------------------------------------------
     0 | D:1      | Banto the Sand Dwarf Skald began the quest for the Orb.
     0 | D:1      | Reached XP level 1. HP: 18/18 MP: 3/3
    98 | D:1      | Reached skill level 3 in Axes
   198 | D:1      | Reached XP level 2. HP: 9/25 MP: 5/5
   816 | D:1      | Reached skill level 4 in Axes
   900 | D:2      | Reached XP level 3. HP: 29/30 MP: 6/6
   929 | D:2      | Reached skill level 5 in Axes
   942 | D:2      | Reached XP level 4. HP: 18/37 MP: 7/7
  1108 | D:2      | Noticed Robin
  1135 | D:1      | HP: 1/37 [adder (4)]
  1136 | D:1      | Succumbed to an adder's poison

Skill      XL: |  1  2  3 |
---------------+----------+-----
Axes           | 3 4 5 |  5.5
Fighting       | |  2.4
Armour         | |  1.2
Dodging        | |  1.5
Spellcasting   | |  2.0
Charms         | |  3.0

Action                   |  1- 3 |  4- 6 || total
-------------------------+-------+-------++-------
Melee: Hand axe          |    93 |    16 ||   109
  Eat: Chunk             |       |     1 ||     1
Armor: Leather armour    |    18 |       ||    18
       Chain mail        |    31 |    25 ||    56
Dodge: Dodged            |    78 |    27 ||   105
